 Dungeon Crawl Stone Soup version 0.26.0-10-g1f06aea511 (webtiles) character file.

Game seed: 11374001925306008609

16 MisterFreud the Digger (level 2, -3/20 HPs)
             Began as a Ghoul Earth Elementalist on Jan 29, 2021.
             Slain by a leopard gecko (4 damage)
             ... on level 1 of the Dungeon.
             The game lasted 00:01:28 (843 turns).

MisterFreud the Digger (Ghoul Earth Elementalist)    Turns: 843, Time: 00:01:28

Health: -3/20      AC:  2    Str: 11    XL:     2   Next: 54%
Magic:  3/3        EV: 12    Int: 10    God:
Gold:   0          SH:  0    Dex:  9    Spells: 3/4 levels left

rFire    . . .     SeeInvis .     - Unarmed
rCold    + . .     Faith    .   (no shield)
rNeg     + + +     Spirit   .   c - +0 robe
rPois    ∞         Reflect  .   (no helmet)
rElec    .         Harm     .   (no cloak)
rCorr    .         Rampage  .   (no gloves)
Will     .....                  (no boots)
Stlth    ++........             d - amulet of inaccuracy (curse)
HPRegen  0.00/turn              (no ring)
MPRegen  0.08/turn              (no ring)

@: no status effects
A: claws 1, cold resistance 1, negative energy resistance 3, inhibited
regeneration, torment resistance, unbreathing
a: no special abilities


You were on level 1 of the Dungeon.
You visited 1 branch of the dungeon, and saw 1 of its levels.

Inventory:

Missiles
 b - 48 stones
Armour
 c - a +0 robe (worn)
Jewellery
 d - a cursed amulet of inaccuracy (around neck)
Scrolls
 e - a scroll of identify {unknown}
Potions
 a - a potion of curing {unknown}
 f - a potion of cancellation {unknown}
 g - a potion of heal wounds {unknown}


   Skills:
 - Level 1.7 Dodging
 - Level 2.1 Stealth
 + Level 2.3 Unarmed Combat
 - Level 1.7 Spellcasting
 - Level 0.8 Transmutations
 - Level 3.2 Earth Magic


You had 3 spell levels left.
You knew the following spells:

 Your Spells              Type           Power        Failure   Level
a - Sandblast             Erth           14%          9%          1

Your spell library contained the following spells:

 Spells                   Type           Power        Failure   Level
 Passwall                 Tmut/Erth      4%           21%         2
 Stone Arrow              Conj/Erth      8%           43%         3
 Petrify                  Tmut/Erth      5%           80%         4
 Lee's Rapid Deconstruct  Erth           3%           93%         5


Dungeon Overview and Level Annotations

Branches:
Dungeon (1/15)

Altars:


Innate Abilities, Weirdness & Mutations

You thrive by killing the living.
You are immune to poison.
You have sharp fingernails.
Your flesh is cold resistant. (rC+)
You are immune to negative energy. (rN+++)
You do not regenerate when monsters are visible.
You are immune to unholy pain and torment.
You can survive without breathing.


Message History

A leopard gecko is nearby!
A gnoll comes into view. It is wielding a +0 spear.
The leopard gecko hisses angrily.
The gnoll shouts!
The leopard gecko barely misses you. The leopard gecko bites you.
You closely miss the leopard gecko.
The gnoll hits you from afar with a +0 spear.
The leopard gecko closely misses you.
You miss the leopard gecko. The gnoll closely misses you.
The leopard gecko barely misses you.
You barely miss the leopard gecko. The gnoll barely misses you.
The leopard gecko misses you.
You barely miss the leopard gecko.
The gnoll hits you from afar with a +0 spear.
The leopard gecko bites you.
* * * LOW HITPOINT WARNING * * *
The leopard gecko bites you.
* * * LOW HITPOINT WARNING * * *
The leopard gecko hisses menacingly.
The leopard gecko bites you.
You die...

##.# #.#.# ... #.#.#
####.# #.#.# ....## #.#.#
##. #..####.#.##########
#.. ..
#..................# #.#
#..###..####g######.###.#
#.# #......## #l# #.# #.#
#.# #.##.#.# #@# #.# #)#
#.# # #.# #.#>#####.###.#
#.# #.# #.#
#........#.###.# #.# ##
#.#####.#........ ..#
#.......... ..#
##########. .... #. ...#
#. ....# #.


You could see a gnoll and a leopard gecko.

Vanquished Creatures
  A dart slug (D:1)
  A bat (D:1)
  2 goblins (D:1)
  A hobgoblin (D:1)
  3 jackals (D:1)
  A frilled lizard (D:1)
  3 kobolds (D:1)
  A rat (D:1)
13 creatures vanquished.

Notes
Turn   | Place    | Note
-------+----------+-------------------------------------------
     0 | D:1      | MisterFreud the Ghoul Earth Elementalist began the quest
                  | for the Orb.
     0 | D:1      | Reached XP level 1. HP: 14/14 MP: 2/2
     1 | D:1      | Noticed a minotaur zombie
     3 | D:1      | Noticed a merfolk zombie
    13 | D:1      | Noticed a minotaur zombie
    15 | D:1      | Noticed a merfolk zombie
   179 | D:1      | Reached skill level 1 in Unarmed Combat
   311 | D:1      | Reached XP level 2. HP: 20/20 MP: 3/3
   836 | D:1      | HP: 1/20 [leopard gecko (5)]
   843 | D:1      | Slain by a leopard gecko

Illustrated notes

Levels and vault maps discovered:
D:1:      shiori_arrival_whats_in_store_for_you, layout_loops_ring,
          minmay_statues_item

Skill      XL: |  1  2 |
---------------+-------+-----
Unarmed Combat | 1 2 |  2.3
Dodging        | |  1.7
Stealth        | |  2.1
Spellcasting   | |  1.7
Transmutations | |  0.8
Earth Magic    | |  3.2

Action                   || total
-------------------------++-------
Melee: Unarmed           ||    52
 Cast: Sandblast         ||     6
  Use: Scroll            ||     1
 Stab: Sleeping          ||     2
Armor: Robe              ||     5
Dodge: Dodged            ||    31
